 Dungeon Crawl Stone Soup version 0.14.1-1-g650416f (webtiles) character file.

398 RepoMan the Slasher (level 6, 0/32 HPs)
             Began as a Vine Stalker Berserker on May 2, 2014.
             Was a Believer of Trog.
             Succumbed to a worker ant's poison
             ... on Level 4 of the Dungeon.
             The game lasted 00:15:46 (1749 turns).

RepoMan the Slasher (Vine Stalker Berserker)        Turns: 1749, Time: 00:15:46

HP   0/32        AC  7     Str 20      XL: 6   Next: 18%
MP   2/8         EV 10     Int  7      God: Trog [**....]
Gold 137         SH  0     Dex 15      Spells:  0 memorised,  5 levels left

rFire  . . .     SeeInvis .     a - +0 falchion
rCold  . . .     Clarity  .     e - +0 ring mail
rNeg   . . .     Conserve .     (no shield)
rPois  .         rCorr    .     (no helmet)
rElec  .         rRot     +     c - +0 cloak
SustAb . .       Spirit   +     y - +0 pair of gloves
rMut   .         Warding  .     (no boots)
Saprov . . .     Stasis   .     (no amulet)
MR     .....                    (no ring)
                                (no ring)

@: lethally poisoned, not resistant to hostile enchantments, very unstealthy
A: fangs 2, regeneration 2, magic shield, antimagic bite, no device heal
a: Burn Spellbooks, Berserk, Trog's Hand, Renounce Religion


You were on level 4 of the Dungeon.
You worshipped Trog.
Trog was pleased with you.
You were not hungry.

You visited 1 branch of the dungeon, and saw 4 of its levels.

You collected 137 gold pieces.

Inventory:

Hand weapons
 a - a +0,+0 falchion (weapon)
Missiles
 x - 19 poisoned arrows
Armour
 b - a +0 animal skin
 c - a +0 cloak (worn)
 e - a +0 ring mail (worn)
 i - a +0 ring mail
 o - a +0 chain mail
 v - a +0 ring mail
 y - a +0 pair of gloves (worn)
Magical devices
 z - a wand of fire (2)
Comestibles
 m - 2 meat rations
 u - 2 bread rations
Scrolls
 h - a scroll of recharging {unknown}
 l - a scroll of immolation {unknown}
 q - a scroll of identify {unknown}
 t - 3 scrolls of remove curse
 A - a scroll of teleportation {unknown}
Jewellery
 j - an uncursed ring of protection from magic {unknown}
 n - an uncursed ring of magical power {unknown}
Potions
 d - 2 potions of resistance {unknown}
 f - a potion of paralysis {unknown}
 g - 3 potions of curing {unknown}
 k - a potion of mutation {unknown}
 p - 3 potions of heal wounds {unknown}
 r - a potion of brilliance {unknown}
 s - a potion of might {unknown}
 w - a potion of degeneration {unknown}


   Skills:
 + Level 3.6 Fighting
 * Level 4.4 Long Blades
 + Level 2.6 Armour
 + Level 2.6 Dodging


You had 5 spell levels left.
You didn't know any spells.

Dungeon Overview and Level Annotations

Branches:
Dungeon (4/15)
 Temple: D:4-7

Altars:
Makhleb
Okawaru
Sif Muna
Vehumet


Innate Abilities, Weirdness & Mutations

You are immune to rotting.
You have extremely sharp teeth.
You heal very quickly.
When hurt, damage is shared between your health and your magic reserves.
Your bite disrupts and absorbs the magic of your enemies.
Potions and wands cannot restore your HP.


Message History

You feel agile.
You begin to heal more quickly.
The bolt of fire hits the orc priest.
You kill the orc priest!
Trog accepts your kill.
Your skin stops crawling.
You feel less resistant to hostile enchantments.
* * * LOW HITPOINT WARNING * * *
You feel sick.
Drink which item? (? for menu, Esc to quit)
Okay, then.
Read which item? (? for menu, Esc to quit)
As you read the scroll labeled REDABR SKOYNEP, it crumbles to dust.
You feel blessed for a moment.
It was a scroll of remove curse.
* * * LOW HITPOINT WARNING * * *
You feel sick.
An orc wizard comes into view. It is wielding a dagger.
* * * LOW HITPOINT WARNING * * *
You feel sick.
You die...

... ........ ...... #######
#...... ##....(. ........#
.>......# ...[....#
..o..)...####################
o.)...$.))..@................
.........####################
#########


There were no monsters in sight!

Vanquished Creatures
  2 orc priests (D:4)
  Crazy Yiuf (D:2)
  An orc wizard (D:4)
  2 worker ants (D:4)
  Ijyb (D:1)
  Jessica (D:3)
  Terence (D:2)
  An adder (D:3)
  A giant mite (D:3)
  A giant eyeball (D:3)
  2 giant geckos (D:3)
  An ooze (D:4)
  An orc (D:4)
  3 bats (D:1)
  2 giant cockroaches
  3 hobgoblins
  5 kobolds
  A giant newt (D:1)
  6 goblins
  3 quokkas (D:3)
  4 rats
43 creatures vanquished.

Notes
Turn   | Place    | Note
--------------------------------------------------------------
     0 | D:1      | RepoMan, the Vine Stalker Berserker, began the quest for the Orb.
     0 | D:1      | Reached XP level 1. HP: 11/11 MP: 1/1
   395 | D:1      | Reached XP level 2. HP: 16/16 MP: 3/3
   552 | D:2      | Noticed Terence
   620 | D:2      | Noticed Ijyb
   657 | D:1      | Killed Ijyb
   657 | D:1      | Reached skill level 3 in Long Blades
   657 | D:1      | Reached XP level 3. HP: 19/19 MP: 2/4
   940 | D:2      | Killed Terence
  1065 | D:2      | Noticed Crazy Yiuf
  1073 | D:2      | Killed Crazy Yiuf
  1073 | D:2      | Reached XP level 4. HP: 22/24 MP: 5/5
  1162 | D:3      | Acquired Trog's second power
  1213 | D:3      | Noticed Jessica
  1221 | D:3      | Killed Jessica
  1285 | D:3      | Found an iron altar of Okawaru.
  1297 | D:3      | Reached XP level 5. HP: 24/28 MP: 5/7
  1395 | D:3      | Found a deep blue altar of Sif Muna.
  1395 | D:3      | Found a burning altar of Makhleb.
  1396 | D:3      | Found a radiant altar of Vehumet.
  1399 | D:3      | Paralysed by a giant eyeball for 3 turns
  1556 | D:3      | Reached skill level 4 in Long Blades
  1746 | D:4      | Gained mutation: You heal very quickly. [vine stalker growth]
  1746 | D:4      | Reached XP level 6. HP: 5/32 MP: 1/8
  1749 | D:4      | Succumbed to a worker ant's poison

Action                   |  1- 3 |  4- 6 || total
-------------------------+-------+-------++-------
Melee: Falchion          |    43 |    54 ||    97
Invok: Berserk           |     3 |     1 ||     4
       Trog's Hand       |       |     1 ||     1
Evoke: Wand              |       |     4 ||     4
  Use: Scroll            |       |     1 ||     1
